AoeStats
← ITA | Raffy

MegaRandom

504328946Analyzed
4v4 RM · 27d ago on Sep 4, 2026· 57m 11s· 8 players
Game mode
Random Map
Map size
Large (8 player)
Population
200
Speed
Normal
Resources
Standard
Victory
Conquest
Starting age
Dark Age
Ending age
Imperial Age
RankedLock teamsTeams togetherTeam positionsShared explorationLock speedFull tech treeHidden civsTurbo modeCheats
Victory
Defeat
🇮🇹 Mongols · Italy
1315
+13
🇺🇸 Wu · United States
1264
+15
🇺🇸 Gurjaras · United States
1235
+16
🇧🇷 Chinese · Brazil
1210
+17
🇳🇿 Mongols · New Zealand
1261
-16
🇳🇿 Malay · New Zealand
1242
-15
🇬🇧 Sicilians · United Kingdom
1238
-15
🇬🇧 Japanese · United Kingdom
1231
-15
iK2Crash
8:33 Loom
11:25 Feudal Age
15:40 Castle Age
14:01 Double-Bit Axe
17:25 Bow Saw
23:21 Wheelbarrow
23:50 Stone Mining
23:54 Gold Mining
26:30 Hand Cart
31:29 Imperial Age
28:53 Fletching
29:04 Padded Archer Armor
29:05 Scale Mail Armor
29:24 Town Watch
30:36 Horse Collar
31:16 Chain Mail Armor
30:57 Bodkin Arrow
31:30 Leather Archer Armor
32:13 Ballistics
31:52 Murder Holes
32:34 Kataparuto
31:45 Elite Samurai
32:14 Pikeman
32:55 Squires
32:54 Halberdier
34:06 Fortified Wall
34:56 Arson
35:56 Bracer
38:03 Plate Mail Armor
39:28 Ring Archer Armor
39:08 Forging
40:45 Siege Engineers
41:42 Chemistry
45:36 Iron Casting
45:06 Scale Barding Armor
50:05 Yasama
50:28 Conscription
emrizzle
3:42 Loom
9:21 Feudal Age
10:57 Horse Collar
15:17 Scale Mail Armor
15:44 Fletching
18:35 Forging
20:16 Stone Mining
20:17 Gold Mining
27:26 Castle Age
27:28 Double-Bit Axe
30:31 Bodkin Arrow
30:55 Chain Mail Armor
31:16 Iron Casting
31:21 Wheelbarrow
31:17 Heavy Plow
31:35 Town Watch
32:52 Bow Saw
40:44 Ballistics
40:25 Murder Holes
41:38 Masonry
45:20 Imperial Age
44:37 Gold Shaft Mining
44:38 Stone Shaft Mining
45:36 Hand Cart
46:12 Arrowslits
48:40 Capped Ram
50:19 Siege Engineers
51:20 Chemistry
54:02 Blast Furnace
Hercburger
10:56 Feudal Age
13:26 Loom
16:59 Castle Age
18:18 Scale Barding Armor
21:35 Double-Bit Axe
36:09 Horse Collar
37:19 Heavy Plow
37:17 Double-Bit Axe
40:04 Wheelbarrow
41:25 Bow Saw
44:52 Imperial Age
42:32 Fletching
42:42 Padded Archer Armor
43:05 Husbandry
43:15 Bloodlines
43:49 Bodkin Arrow
44:23 Ballistics
45:08 Leather Archer Armor
46:08 Conscription
46:02 Bracer
45:54 Light Cavalry
48:13 Bracer
49:19 Chemistry
49:14 Elite Mangudai
50:24 Forging
51:19 Chain Barding Armor
51:37 Hussar
Jc
8:28 Loom
10:36 Feudal Age
10:22 Double-Bit Axe
11:28 Fishing Lines
16:19 Fletching
18:33 Castle Age
17:42 Padded Archer Armor
17:33 Crossbowman
18:10 Bodkin Arrow
22:40 Town Watch
24:35 Medium Warships
24:37 Elite Skirmisher
26:16 Wheelbarrow
28:00 Gillnets
29:30 Horse Collar
35:06 Imperial Age
34:18 Murder Holes
35:11 Conscription
35:57 Chemistry
37:40 Man-at-Arms
38:23 Forced Levy
38:36 Forging
41:04 Iron Casting
40:16 Long Swordsman
40:55 Two-Handed Swordsman
43:06 Blast Furnace
45:27 Squires
51:42 Hand Cart
Underwear
6:40 Loom
9:21 Feudal Age
10:17 Double-Bit Axe
9:56 Man-at-Arms
21:00 Castle Age
19:00 Fletching
19:28 Padded Archer Armor
21:24 Gold Mining
21:06 Crossbowman
21:42 Bodkin Arrow
22:54 Bow Saw
24:09 Fishing Lines
25:48 Leather Archer Armor
26:13 Gillnets
26:24 Horse Collar
27:20 Wheelbarrow
29:21 Heavy Plow
33:24 Imperial Age
31:08 Medium Warships
31:39 Clinker Construction
31:50 Ballistics
33:55 Gold Shaft Mining
33:10 Stone Mining
35:08 Two-Man Saw
35:03 Heavy Warships
36:04 Chemistry
35:14 Arbalester
35:55 Bracer
36:34 Masonry
36:48 Carvel Hull
38:29 Long Swordsman
39:11 Scale Mail Armor
39:21 Forging
39:13 Squires
40:23 Architecture
39:33 Treadmill Crane
40:32 Sitting Tiger
42:34 Chain Mail Armor
42:54 Iron Casting
41:40 Two-Handed Swordsman
42:37 Hand Cart
42:08 Town Watch
42:56 Champion
44:08 Plate Mail Armor
47:32 Blast Furnace
48:30 Murder Holes
57:09 Scale Barding Armor
killerdonkeywithacapitalk
11:41 Feudal Age
13:11 Wheelbarrow
12:22 Loom
15:05 Scale Barding Armor
15:10 Forging
15:04 Double-Bit Axe
19:31 Castle Age
20:09 Bloodlines
22:27 Fletching
24:39 Bodkin Arrow
27:24 Fishing Lines
27:57 Medium Warships
31:24 Stone Mining
32:18 Thumb Ring
32:37 Gold Mining
32:42 Horse Collar
35:09 Gold Shaft Mining
35:44 Padded Archer Armor
35:51 Heavy Plow
36:51 Bow Saw
37:26 Leather Archer Armor
38:56 Ballistics
42:42 Imperial Age
43:31 Bracer
43:23 Elite Elephant Archer
45:44 Chemistry
47:25 Crop Rotation
47:03 Elite Skirmisher
54:02 Husbandry
56:53 Chain Barding Armor
57:09 Iron Casting
cortes.av
0:30 Loom
11:31 Feudal Age
13:08 Double-Bit Axe
15:45 Castle Age
14:32 Horse Collar
15:01 Scale Mail Armor
16:42 Forging
16:53 Chain Mail Armor
17:44 Forging
17:39 Squires
24:50 Iron Casting
25:45 Wheelbarrow
27:17 Bow Saw
27:47 Heavy Plow
28:38 Gold Mining
31:20 Gold Shaft Mining
33:20 Imperial Age
33:06 Fletching
33:45 Capped Ram
35:10 Plate Mail Armor
34:38 Bodkin Arrow
34:33 Arson
35:31 Siege Ram
37:54 Masonry
38:05 Ballistics
38:46 Chemistry
38:15 Elite Fire Lancer
42:43 Architecture
42:38 Conscription
42:10 Stone Mining
45:18 Two-Man Saw
45:23 Blast Furnace
45:46 Hand Cart
45:17 Town Watch
46:13 Stone Shaft Mining
45:41 Bracer
45:45 Murder Holes
51:36 Arrowslits
57:10 Padded Archer Armor
ITA | Raffy
6:14 Loom
8:36 Feudal Age
14:02 Double-Bit Axe
15:27 Fishing Lines
21:37 Castle Age
23:56 Fletching
24:07 Padded Archer Armor
25:57 Bodkin Arrow
26:40 Horse Collar
29:59 Bow Saw
31:55 Gillnets
32:55 Wheelbarrow
34:34 Stone Mining
34:34 Gold Mining
38:06 Leather Archer Armor
38:30 Ballistics
39:55 Thumb Ring
39:52 Husbandry
40:03 Bloodlines
45:04 Imperial Age
44:34 Stone Shaft Mining
44:34 Gold Shaft Mining
44:15 Bloodlines
44:29 Masonry
46:41 Parthian Tactics
46:38 Conscription
46:49 Bracer
54:46 Hand Cart
55:46 Scale Barding Armor
55:51 Forging
55:11 Light Cavalry
56:49 Chain Barding Armor
56:00 Hussar
Connection lost

Rejoining the realm…

Still unreachable

The connection could not be restored.

Session expired

The server has moved on; the page needs a fresh start.